 Dungeon Crawl Stone Soup version 0.21-a0-372-gd0ff781 (webtiles) character file.

50 Kavrick the Conjurer (level 3, -8/26 HPs)
             Began as a Draconian Conjurer on Oct 17, 2017.
             Killed from afar by an orc wizard (12 damage)
             ... with a puff of frost
             ... on level 2 of the Dungeon.
             The game lasted 00:03:56 (1429 turns).

Kavrick the Conjurer (Draconian Conjurer)           Turns: 1429, Time: 00:03:57

Health: -8/26      AC:  6    Str: 10    XL:     3   Next: 55%
Magic:  1/7        EV: 12    Int: 16    God:
Gold:   26         SH:  0    Dex: 11    Spells: 4/7 levels left

rFire    . . .     SeeInvis .   (no weapon)
rCold    . . .     Gourm    .   (no shield)
rNeg     . . .     Faith    .   (armour unavailable)
rPois    .         Spirit   .   (helmet restricted)
rElec    .         Reflect  .   (no cloak)
rCorr    .         Harm     .   (no gloves)
MR       .....                  f - +0 pair of boots
Stlth    ++........             (no amulet)
HPRegen  0.08/turn              (no ring)
MPRegen  0.10/turn              (no ring)

@: no status effects
A: unfitting armour, cold-blooded, AC +5
a: no special abilities


You were on level 2 of the Dungeon.
You were not hungry.

You visited 1 branch of the dungeon, and saw 2 of its levels.

You collected 26 gold pieces.

Inventory:

Armour
 f - a +0 pair of boots (worn)
Jewellery
 g - an uncursed amulet of magic regeneration {unknown}
Scrolls
 c - a scroll of fear {unknown}
 h - a scroll of enchant weapon {unknown}
Potions
 e - a potion of might {unknown}
Books
 a - a book of Conjurations

   Spells                             Type                      Level
   a - Magic Dart                     Conjuration                  1
   b - Searing Ray                    Conjuration                  2
   c - Dazzling Spray                 Conjuration/Hexes            3
   d - Fulminant Prism                Conjuration/Hexes            4
   e - Force Lance                    Conjuration/Translocation    4
   f - Iskenderun's Mystic Blast      Conjuration                  4
Comestibles
 b - a bread ration
 d - a chunk of flesh


   Skills:
 - Level 2.0 Dodging
 - Level 2.0 Stealth
 + Level 2.8 Spellcasting
 + Level 4.6 Conjurations


You had 4 spell levels left.
You knew the following spells:

 Your Spells              Type           Power        Failure   Level  Hunger
a - Magic Dart            Conj           ###.         3%          1    #......
b - Searing Ray           Conj           ###...       4%          2    ##.....


Dungeon Overview and Level Annotations

Branches:
Dungeon (2/15)

Altars:


Innate Abilities, Weirdness & Mutations

Your plain brown scales are hard. (AC +5)
You cannot fit into any form of body armour.
You are cold-blooded and may be slowed by cold attacks.


Message History

Aiming: Magic Dart
Press: ? - help, Shift-Dir - straight line, f/p - orc wizard
Aim: an orc wizard, wielding a dagger and wearing a robe (severely wounded)
The magic dart hits the orc wizard.
The orc wizard is almost dead.
The orc wizard gestures at you while chanting.
The magic dart hits you!
The orc wizard begins to cast a cantrip, but forgets the words!
The orc wizard casts a spell at you. The puff of frost hits you!
The orc wizard points at you and mumbles some strange words.
The magic dart hits you!
* * * LOW HITPOINT WARNING * * *
As you close the door, it creaks loudly!
You hear a shout!
There is a large open door here.
There is a large open door here.
The orc wizard gestures at you while chanting.
The puff of frost hits you!
You die...

#.#.#.##.# #
##.#.#..#.#
##.#.o#+##.#.#
'.........)#.#
##..........#
#..........#
##.##'###.>#
.###'##'####.#
.......@.# #.#
.........###'###
...............#
...............#####
...................#
#####..........###.#
#..........# #.#####
#..........# #.#....
#..........# #.#.###


You could see an orc wizard.

Vanquished Creatures
  2 adders (D:2)
  2 leopard geckos (D:1)
  An orc (D:2)
  A ball python (D:1)
  A giant cockroach (D:1)
  A hobgoblin (D:1)
  4 jackals (D:2)
  4 kobolds
  3 bats (D:1)
  6 goblins
  2 rats (D:1)
27 creatures vanquished.

Notes
Turn   | Place    | Note
-------+----------+-------------------------------------------
     0 | D:1      | Kavrick the Draconian Conjurer began the quest for the Orb.
     0 | D:1      | Reached XP level 1. HP: 14/14 MP: 3/3
   307 | D:1      | Reached XP level 2. HP: 20/20 MP: 1/5
   345 | D:1      | Learned a level 2 spell: Searing Ray
  1113 | D:2      | Reached XP level 3. HP: 20/26 MP: 0/6
  1429 | D:2      | Killed from afar by an orc wizard

Vault maps used:
D:1:      dpeg_arrival_pits, minmay_liquid_box, minmay_misc_feat_doors
D:2:      nicolae_overflow_crystal_walls

Skill      XL: |  1 |
---------------+----+-----
Dodging        | 2 |  2.0
Stealth        | 2 |  2.0
Spellcasting   | |  2.8
Conjurations   | |  4.6

Action                   || total
-------------------------++-------
Melee: Unarmed           ||     2
 Cast: Magic Dart        ||    58
       Searing Ray       ||     1
  Eat: Chunk             ||     2
Armor: Skin              ||    16
Dodge: Dodged            ||    30

Table legend:
 A = Spawn XP
 B = Non-spawn XP
 C = Spawn XP percentage of total XP
 D = Spawn monster count
 E = Non-spawn monster count
 F = Spawn count percentage of total count
 G = Total turns spent on level
                    A         B        C        D         E        F      G
               +---------+---------+-------+---------+---------+-------+---------
         Total |       0 |      72 |   0.0 |       0 |      27 |   0.0 |  1429
               +---------+---------+-------+---------+---------+-------+---------
           D:1 |       0 |      30 |   0.0 |       0 |      17 |   0.0 |   977
           D:2 |       0 |      42 |   0.0 |       0 |      10 |   0.0 |   452
               +---------+---------+-------+---------+---------+-------+---------
